 Dungeon Crawl Stone Soup version 0.28-a0-957-g42eb19b844 (webtiles) character file.

Game seed: 8755726948402041976

57 bearlyready the Chopper (level 4, 0/39 HPs)
             Began as a Hill Orc Monk on Nov 30, 2021.
             Slain by a gnoll (7 damage)
             ... on level 2 of the Dungeon.
             The game lasted 00:02:33 (1479 turns).

bearlyready the Chopper (Hill Orc Monk)             Turns: 1479, Time: 00:02:34

Health: 0/39       AC:  8    Str: 15    XL:     4   Next: 0%
Magic:  4/4        EV:  6    Int: 10    God:
Gold:   17         SH:  0    Dex: 13    Spells: 3/3 levels left

rFire   . . .      SeeInvis .   a - +0 hand axe
rCold   . . .      Faith    .   (no shield)
rNeg    . . .      Spirit   .   d - +0 chain mail
rPois   .          Reflect  .   (no helmet)
rElec   .          Harm     .   (no cloak)
rCorr   .          Rampage  .   (no gloves)
Will    .....                   (no boots)
Stlth   ..........              (no amulet)
HPRegen 0.13/turn               (no ring)
MPRegen 0.09/turn               (no ring)

@: no status effects
A: no striking features
a: no special abilities


You were on level 2 of the Dungeon.
You visited 1 branch of the dungeon, and saw 2 of its levels.

You collected 17 gold pieces.

Inventory:

Hand Weapons
 a - a +0 hand axe (weapon)
Missiles
 f - 21 stones
 k - 10 poisoned darts (quivered)
 m - 4 boomerangs
Armour
 b - a +0 robe
 d - a +0 chain mail (worn)
Scrolls
 c - a scroll of silence {unknown}
 e - a scroll of amnesia {unknown}
 h - a scroll of enchant armour {unknown}
 j - a scroll of fog {unknown}
 l - a scroll of identify {unknown}
Potions
 g - a potion of might {unknown}
 i - a potion of attraction {unknown}


   Skills:
 - Level 3.6 Fighting
 + Level 6.3 Axes
 - Level 2.4 Dodging
 - Level 1.5 Stealth


You had 3 spell levels left.
You didn't know any spells.
Your spell library was empty.

Dungeon Overview and Level Annotations

Branches:
Dungeon (2/15)

Altars:

Shops:
D:1 *


Message History

Aim: a gnoll, wielding a +0 spear (heavily wounded, 60% to hit)
You throw a poisoned dart. The poisoned dart hits the gnoll.
The gnoll is poisoned.
The gnoll is heavily wounded.
Throw: 13 darts (poison)
Press: ? - help, Q - select action, (/) - cycle Shift-Dir - straight line, f/p - gnoll
Aim: a gnoll, wielding a +0 spear (severely wounded, poisoned, 58% to hit)
You throw a poisoned dart. The poisoned dart hits the gnoll.
The gnoll looks even sicker.
The gnoll is severely wounded.
The gnoll hits you from afar with a +0 spear.
You kill the gnoll!
You have reached level 4!
Throw: 12 darts (poison)
Press: ? - help, Q - select action, (/) - cycle Shift-Dir - straight line, f - gnoll
Aim: a gnoll, wielding a +0 whip of distortion (61% to hit)
You throw a poisoned dart. The poisoned dart hits the gnoll.
Throw: 11 darts (poison)
Press: ? - help, Q - select action, (/) - cycle Shift-Dir - straight line, f - you
Okay, then.
Throw: 11 darts (poison)
Press: ? - help, Q - select action, (/) - cycle Shift-Dir - straight line, f/p - gnoll
Aim: a gnoll, wielding a +0 whip of distortion (61% to hit)
You throw a poisoned dart. The poisoned dart hits the gnoll.
The gnoll is poisoned.
The gnoll looks more healthy.
You hit the gnoll.
The gnoll is severely wounded.
The gnoll hits you but does no damage. Space warps around you.
You hit the gnoll.
The gnoll is almost dead.
The gnoll hits you with a +0 whip of distortion.
Space warps horribly around you!
* * * LOW HITPOINT WARNING * * *
You closely miss the gnoll.
The gnoll is almost dead.
The gnoll hits you with a +0 whip of distortion.
* * * LOW HITPOINT WARNING * * *
Space warps around you!
You die...

#..........# #.# #.#.#
#..........# #.# #.#.#
#.####..#### #.# #.#.#
.....#..# #.# #.#.#
.....#<.# #.# #.#.#
.....##.# #g# #.#.#
.....##.# #g# #.#.#
###.###.## #g# #.#.#
#......# #@# #.#.#
#......# #.# #.#.#
##.....#### #.# #.#.#
#.....##.# ##.###.#.#
#.....##.###........##
###.....##.............#
#...............)#######
#..........##.#..#
......>..........#


You could see 3 gnolls.

Vanquished Creatures
  A gnoll (D:2)
  3 orcs
  5 ball pythons
  2 endoplasms
  3 giant cockroaches (D:1)
  5 goblins (D:1)
  3 hobgoblins (D:1)
  2 jackals (D:1)
  2 kobolds (D:1)
  2 quokkas (D:1)
  4 bats
  A frilled lizard (D:1)
  4 rats (D:1)
37 creatures vanquished.

Notes
Turn   | Place    | Note
-------+----------+-------------------------------------------
     0 | D:1      | bearlyready the Hill Orc Monk began the quest for the Orb.
     0 | D:1      | Reached XP level 1. HP: 19/19 MP: 1/1
    29 | D:1      | Found a faded altar of an unknown god.
   171 | D:1      | Reached XP level 2. HP: 26/26 MP: 2/2
   315 | D:1      | Reached skill level 5 in Axes
   369 | D:1      | Reached XP level 3. HP: 29/31 MP: 3/3
   715 | D:1      | Found Veuhep's General Store.
  1116 | D:2      | Reached skill level 6 in Axes
  1456 | D:2      | Reached XP level 4. HP: 32/39 MP: 4/4
  1479 | D:2      | Slain by a gnoll

Illustrated notes

Levels and vault maps discovered:
D:1:      lemuel_arrival_muddy, layout_loops_ring, basic_ecumenical_altar,
          serial_shops, shop
D:2:      layout_basic, uniq_terence

Skill      XL: |  1  2  3 |
---------------+----------+-----
Axes           | 5 6 |  6.3
Fighting       | |  3.6
Dodging        | |  2.4
Stealth        | |  1.5

Action                   |  1- 3 |  4- 6 || total
-------------------------+-------+-------++-------
Melee: Hand axe          |   122 |     3 ||   125
Throw: Dart              |     4 |     2 ||     6
Armor: Chain mail        |    84 |     1 ||    85
       Robe              |     1 |       ||     1
Dodge: Dodged            |    44 |       ||    44

Table legend: (Time is in decaauts)
 A = Elapsed time spent in this place.
 B = Non-inter-level travel time spent in this place.
 C = Inter-level travel time spent in this place.
 D = Time resting spent in this place.
 E = Time spent auto-exploring this place.
 F = Levels seen in this place.
 G = Mean time per level.
                   A        B        C        D        E       F      G
               +--------+--------+--------+--------+--------+-----+--------+
         Total |   1484 |   1436 |     48 |     82 |   1040 |   2 |  742.0 |
       Dungeon |   1484 |   1436 |     48 |     82 |   1040 |   2 |  742.0 |
               +--------+--------+--------+--------+--------+-----+--------+

Top non-repeatable levels by time:
     D:1: 1095 daAuts
     D:2: 388 daAuts
